 Dungeon Crawl Stone Soup version 0.29-a0-2-g12fcac58f8 (webtiles) character file.

Game seed: 10611645797171914333

8556 funkygono the Arsonist (level 11, -2/55 HPs)
             Began as a Gargoyle Fire Elementalist on Jan 26, 2022.
             Was a Believer of Vehumet.
             Shot with an arrow by a centaur (10 damage)
             ... on level 10 of the Dungeon.
             The game lasted 00:19:13 (12436 turns).

funkygono the Arsonist (GrFE)                      Turns: 12436, Time: 00:19:14

Health: -2/55      AC: 17    Str: 11    XL:     11   Next: 32%
Magic:  8/25       EV: 12    Int: 24    God:    Vehumet [**....]
Gold:   527        SH:  0    Dex: 10    Spells: 15/30 levels left

rFire   . . .      SeeInvis .   L - +5 flail (venom)
rCold   . . .      Faith    .   (no shield)
rNeg    + + .      Spirit   .   D - +0 steam dragon scales
rPois   ∞          Reflect  .   C - +1 hat of Kuukloef {rN+ Int+3}
rElec   +          Harm     .   M - +0 cloak
rCorr   .          Rampage  .   s - +1 pair of gloves
Will    .....                   (no boots)
Stlth   ++........              (no amulet)
HPRegen 0.18/turn               (no ring)
MPRegen 0.19/turn               (no ring)

@: no status effects
A: sickness immunity, AC +8, negative energy resistance 1, electricity
resistance, torment resistance 1, petrification resistance
a: Renounce Religion


You were on level 10 of the Dungeon.
You worshipped Vehumet.
Vehumet was pleased with you.
You visited 2 branches of the dungeon, and saw 11 of its levels.

You collected 527 gold pieces.

Inventory:

Hand Weapons
 f - a +1 club of venom
 t - a +1 flail of draining
 z - a +2 mace
 E - a +2 morningstar of flaming
 L - a +5 flail of venom (weapon)
Missiles
 j - 261 stones
 N - a throwing net
Armour
 m - a +0 ring mail
 n - a +0 helmet
 r - the +1 ring mail of Puts {Will+}
   (You found it on level 2 of the Dungeon)

   Will:      It increases your willpower.
 s - a +1 pair of gloves (worn)
 y - a +0 troll leather armour
 C - the +1 hat of Kuukloef (worn) {rN+ Int+3}
   (You found it on level 8 of the Dungeon)

   Int:       It affects your intelligence (+3).
   rN:        It protects you from negative energy.
 D - +0 steam dragon scales (worn)
 J - a +1 animal skin
 M - a +0 cloak (worn)
Wands
 q - a wand of paralysis (8)
 w - a wand of digging (5)
 x - a wand of acid (33)
 A - a wand of flame (32)
Scrolls
 c - a scroll of magic mapping
 d - 5 scrolls of amnesia
 G - 3 scrolls of fear
 H - a scroll of silence
Potions
 b - 2 potions of invisibility
 e - a potion of resistance {unknown}
 g - a potion of heal wounds
 h - 7 potions of curing
 i - 2 potions of berserk rage
 k - 2 potions of attraction
 l - 2 potions of degeneration {unknown}
 o - 2 potions of might
 p - 3 potions of lignification
 u - a potion of haste {unknown}
 v - 2 potions of cancellation {unknown}
 B - a potion of brilliance {unknown}
 F - a potion of mutation {unknown}
 I - a potion of flight {unknown}


   Skills:
 + Level 0.5 Fighting
 + Level 0.9 Maces & Flails
 + Level 2.2 Dodging
 - Level 2.1 Stealth
 * Level 10.2 Spellcasting
 * Level 7.4 Conjurations
 * Level 10.7 Fire Magic
 * Level 5.0 Poison Magic


You had 15 spell levels left.
You knew the following spells:

 Your Spells              Type           Power      Damage    Failure   Level
a - Foxfire               Conj/Fire      100%       2x1d9     1%          1
b - Scorch                Fire           100%       2d10      1%          2
c - Conjure Flame         Conj/Fire      54%        6-21      1%          3
d - Flame Wave            Conj/Fire      54%        2d11      1%          4
e - Sting                 Tmut/Pois      96%        1d7       1%          1
f - Olgreb's Toxic Radia  Pois           36%        N/A       7%          4

Your spell library contained the following spells:

 Spells                   Type           Power      Damage    Failure   Level
 Static Discharge         Conj/Air       30%        N/A       1%          2
 Inner Flame              Hex/Fire       38%        N/A       1%          3
 Poisonous Vapours        Pois/Air       48%        N/A       2%          2
 Freeze                   Ice            48%        1d7       5%          1
 Hailstorm                Conj/Ice       30%        3d8       11%         4
 Frozen Ramparts          Ice            24%        1d4       16%         3
 Irradiate                Conj/Tmut      15%        3d18      30%         5
 Lightning Bolt           Conj/Air       15%        1d29      30%         5
 Airstrike                Air            6%         N/A       45%         4
 Cause Fear               Hex            6%         N/A       45%         4
 Petrify                  Tmut/Erth      12%        N/A       45%         4
 Summon Lightning Spire   Summ/Air       12%        N/A       45%         4
 Discord                  Hex            6%         N/A       100%        8
 Sublimation of Blood     Necr           Unusable   N/A       N/A         2

Dungeon Overview and Level Annotations

Branches:
Dungeon (10/15)            Temple (1/1) D:7            Lair (0/6) D:10
    Orc (0/2) D:9

Altars:
Ashenzari
Cheibriados
Dithmenos
Elyvilon
Fedhas
Gozag
Hepliaklqana
Kikubaaqudgha
Makhleb
Nemelex Xobeh
Okawaru
Qazlal
Ru
Sif Muna
Trog
Uskayaw
Vehumet
Wu Jian
Xom
Yredelemnul
Zin
The Shining One

Shops:
D:3 [


Innate Abilities, Weirdness & Mutations

You are immune to sickness and miasma.
Your stone body is resilient. (AC +8)
You are immune to poison.
You resist negative energy. (rN+)
You are resistant to electric shocks. (rElec)
You are resistant to unholy torment.
You are immune to petrification.


Message History

The death yak is almost dead. (Press . to intensify the flame waves.)
A yak comes into view.
The death yak gores you but does no damage.
A wave of flame ripples out!
The flame wave engulfs the death yak!
You kill the death yak!
Vehumet accepts your kill.
You feel your power returning.
The flame wave engulfs the death yak!
The death yak is heavily wounded.
The flame wave engulfs the yak!
The yak is almost dead.
Your Poison Magic skill increases to level 5!
Unknown command.
Casting: Flame Wave (dangerous; 1% risk of failure)
Confirm with . or Enter, or press ? or * to list all spells.
Flames lash the death yak but do no damage.
The death yak gores you!
* * * LOW HITPOINT WARNING * * *
Unknown command.
Casting: Scorch (safe; 1% risk of failure)
Confirm with . or Enter, or press ? or * to list all spells.
Flames lash the death yak but do no damage.
The death yak snorts and paws the ground.
The death yak gores you but does no damage.
Unknown command.
A centaur comes into view.
The centaur wields a +0 shortbow.
The centaur shoots an arrow.
The arrow hits you but does no damage.
The centaur shoots an arrow.
The arrow closely misses you.
The centaur shoots an arrow.
The arrow hits you.
* * * LOW HITPOINT WARNING * * *
The centaur shoots an arrow.
The arrow closely misses you.
The centaur shoots an arrow.
The arrow hits you but does no damage.
The centaur shoots an arrow.
The arrow hits you but does no damage.
The centaur shoots an arrow.
The arrow hits you.
* * * LOW HITPOINT WARNING * * *
The centaur shoots an arrow.
The arrow completely misses you.
The centaur shoots an arrow.
The arrow hits you but does no damage.
The centaur shoots an arrow.
The arrow hits you!
You die...

#....# #....# ... #....#
... #....# ..#
##....##########.#
...............#.#
.......[.......#.#
.....<.........#.##+####
...............#@.......
#..............#Y.......
#..............#Y.c.....
###'###........#........
......#......###....###+
####..#......#.Y....#
...#..######+#......#
...'....Y....Y......#
...#...Y....Y.......#


You could see 2 death yaks, a yak and a centaur.

Vanquished Creatures
  A two-headed ogre (D:9)
  A death yak (D:10)
  Maurice (D:9)
  Joseph (D:9)
  A kobold demonologist (D:7)
  A troll (D:9)
  A hornet (D:9)
  Sigmund (D:6)
  4 yaks
  2 wyverns
  A steam dragon (D:8)
  Grum (D:8)
  A water moccasin (D:7)
  6 orc warriors (D:9)
  2 black bears
  A hornet zombie (D:7)
  2 ice beasts
  4 wolves (D:8)
  3 ogres
  3 centaurs
  A phantom (D:5)
  3 kobold brigands (D:9)
  4 bullfrogs
  4 gnoll sergeants (D:9)
  2 wyvern zombies
  5 killer bees (D:9)
  22 wights
  5 howler monkeys
  2 centaur zombies
  A bullfrog zombie (D:6)
  An orc priest (D:9)
  A hound (D:7)
  Natasha (twice) (D:3)
  2 bullfrog skeletons (D:5)
  2 iguanas
  An orc wizard (D:9)
  3 killer bee zombies
  Robin (D:4)
  A howler monkey zombie (D:8)
  9 adders
  4 gnolls
  A shadow imp (D:7)
  A white imp (D:6)
  3 ufetubi
  An adder skeleton (D:5)
  A worm (D:3)
  24 orcs
  5 ball pythons
  6 endoplasms
  3 giant cockroaches
  17 goblins
  12 hobgoblins
  4 jackals
  4 kobolds
  4 quokkas
  4 bats
  3 frilled lizards
  4 rats
211 creatures vanquished.

Vanquished Creatures (others)
  697 foxfires
697 creatures vanquished.

Grand Total: 908 creatures vanquished

Notes
Turn   | Place    | Note
-------+----------+-------------------------------------------
     0 | D:1      | funkygono the Gargoyle Fire Elementalist began the quest
                  | for the Orb.
     0 | D:1      | Reached XP level 1. HP: 10/10 MP: 3/3
   181 | D:1      | Reached XP level 2. HP: 8/15 MP: 0/5
   185 | D:1      | Learned a level 2 spell: Scorch
   619 | D:1      | Found a faded altar of an unknown god.
   630 | D:1      | Reached XP level 3. HP: 19/19 MP: 2/6
   674 | D:1      | Learned a level 3 spell: Conjure Flame
  1593 | D:2      | Reached XP level 4. HP: 24/24 MP: 2/8
  2062 | D:2      | Identified the +1 ring mail of Puts {Will+}
  2353 | D:3      | Noticed Natasha
  2362 | D:3      | Killed Natasha
  2790 | D:3      | Reached XP level 5. HP: 28/28 MP: 7/10
  2883 | D:3      | Learned a level 4 spell: Flame Wave
  2927 | D:3      | Noticed Natasha
  2931 | D:3      | Killed Natasha
  2991 | D:3      | Found an ancient bone altar of Kikubaaqudgha.
  2992 | D:3      | Found a sacrificial altar of Ru.
  3194 | D:3      | Found Uptoap's Antique Armour Shoppe.
  3516 | D:3      | Learned a level 1 spell: Sting
  3891 | D:4      | Reached XP level 6. HP: 32/32 MP: 5/12
  4155 | D:4      | Noticed Robin
  4160 | D:4      | Killed Robin
  4297 | D:4      | Found a stormy altar of Qazlal.
  4530 | D:5      | Entered Level 5 of the Dungeon
  4543 | D:5      | Reached skill level 1 in Poison Magic
  4745 | D:5      | Noticed a black bear
  4758 | D:5      | Killed a black bear
  4759 | D:5      | Reached skill level 5 in Fire Magic
  4759 | D:5      | Reached XP level 7. HP: 36/36 MP: 6/13
  5036 | D:5      | Found a sparkling altar of Nemelex Xobeh.
  5352 | D:5      | Reached skill level 5 in Spellcasting
  5580 | D:5      | Learned a level 4 spell: Olgreb's Toxic Radiance
  5805 | D:6      | Reached XP level 8. HP: 41/41 MP: 11/16
  5872 | D:6      | Found an opulent altar of Gozag.
  6441 | D:6      | Noticed Sigmund
  6444 | D:6      | Killed Sigmund
  7303 | D:7      | Reached XP level 9. HP: 31/45 MP: 3/19
  7755 | D:7      | Found a staircase to the Ecumenical Temple.
  7762 | Temple   | Entered the Ecumenical Temple
  7847 | Temple   | Became a worshipper of Vehumet
  7993 | D:7      | Reached skill level 5 in Conjurations
  8407 | D:8      | Noticed a kobold demonologist
  8420 | D:7      | Noticed a soul eater
  8444 | D:7      | Noticed a soul eater
  8445 | D:7      | Killed a kobold demonologist
  8747 | D:8      | Identified the +1 hat of Kuukloef {rN+ Int+3}
  9170 | D:8      | Reached XP level 10. HP: 51/51 MP: 12/22
  9616 | D:8      | Noticed Grum
  9621 | D:8      | Killed Grum
  9875 | D:9      | Noticed Joseph
  9876 | D:9      | Reached * piety under Vehumet
  9876 | D:9      | Offered knowledge of Magic Dart by Vehumet.
 10213 | D:9      | Killed Joseph
 10940 | D:9      | Found a glowing silver altar of Zin.
 10948 | D:9      | Noticed Maurice
 10955 | D:9      | Killed Maurice
 11141 | D:9      | Reached skill level 10 in Fire Magic
 11438 | D:9      | Noticed a two-headed ogre
 11442 | D:9      | Killed a two-headed ogre
 11443 | D:9      | Reached XP level 11. HP: 37/55 MP: 15/24
 11647 | D:9      | Offered knowledge of Static Discharge by Vehumet.
 11691 | D:9      | Reached ** piety under Vehumet
 12035 | D:9      | Reached skill level 10 in Spellcasting
 12269 | D:9      | Found a staircase to the Orcish Mines.
 12329 | D:10     | Entered Level 10 of the Dungeon
 12378 | D:10     | Found a staircase to the Lair.
 12378 | D:10     | Noticed a death yak
 12378 | D:10     | Noticed a death yak
 12400 | D:10     | Noticed a death yak
 12404 | D:10     | Killed a death yak
 12405 | D:10     | Reached skill level 5 in Poison Magic
 12436 | D:10     | Shot with an arrow by a centaur

Illustrated notes

Levels and vault maps discovered:
D:1:      nzn_arrival_settlement, layout_loops_ring, basic_ecumenical_altar
D:2:      layout_loops_ring, minmay_misc_feat_columns
D:3:      layout_loops_corners, gammafunk_temple_overflow_statue, serial_shops,
          nicolae_diamond_shop, columned_hall_lemuel, uniq_natasha
D:4:      layout_loops_ring, mainiacjoe_overflow_surrounded_room, uniq_robin
D:5:      layout_basic, nemelex_diamond_rough_becter, minmay_misc_feat_rugged,
          minmay_crystal_water, hangedman_abyss_or_decor_stabs
D:6:      layout_loops_corners, nicolae_gozag_seed_capital, uniq_sigmund
D:7:      layout_basic, minmay_temple_entry_steel_oval
D:8:      layout_gridville, st_stairs_8, uniq_grum
D:9:      layout_loops_ring, zin_academy,
          kennysheep_orc_monster_closet_entryway, uniq_maurice, uniq_joseph
D:10:     layout_irregular_city, dpeg_lair_monsters
Temple:   regret_index_temple_sphere_string

Skill      XL: |  1  2  3  4  5  6  7  8  9 10 11 |
---------------+----------------------------------+-----
Conjurations   | 2 3 4 5 6 7 |  7.4
Spellcasting   | 3 4 5 6 8 9 10 | 10.2
Fire Magic     | 4 5 7 8 10 | 10.7
Poison Magic   | 1 2 3 4 5 |  5.0
Dodging        | 2 |  2.2
Fighting       | |  0.5
Maces & Flails | |  0.9
Stealth        | |  2.1

Action                   |  1- 3 |  4- 6 |  7- 9 | 10-12 || total
-------------------------+-------+-------+-------+-------++-------
Melee: Club              |     8 |    23 |     8 |       ||    39
       Mace              |       |       |    13 |     1 ||    14
       Flail             |       |       |       |    12 ||    12
 Cast: Foxfire           |    51 |    81 |   147 |   129 ||   408
       Scorch            |     6 |    25 |    52 |    50 ||   133
       Sting             |       |     1 |       |       ||     1
       Conjure Flame     |       |       |     2 |     4 ||     6
       Flame Wave        |       |       |     3 |    13 ||    16
  Use: Scroll            |       |     9 |     5 |     5 ||    19
Armor: Robe              |     4 |    13 |    39 |       ||    56
       Steam dragon scal |       |       |       |    37 ||    37
Dodge: Dodged            |     5 |    23 |    46 |    63 ||   137

Table legend: (Time is in decaauts)
 A = Elapsed time spent in this place.
 B = Non-inter-level travel time spent in this place.
 C = Inter-level travel time spent in this place.
 D = Time resting spent in this place.
 E = Time spent auto-exploring this place.
 F = Levels seen in this place.
 G = Mean time per level.
                   A        B        C        D        E       F      G
               +--------+--------+--------+--------+--------+-----+--------+
         Total |  12465 |  12221 |    244 |    666 |   9798 |  11 | 1133.2 |
       Dungeon |  12263 |  12050 |    213 |    666 |   9645 |  10 | 1226.3 |
        Temple |    201 |    171 |     30 |      0 |    153 |   1 |  201.0 |
               +--------+--------+--------+--------+--------+-----+--------+

Top non-repeatable levels by time:
     D:9: 2102 daAuts
     D:8: 1673 daAuts
     D:6: 1482 daAuts
     D:3: 1338 daAuts
     D:7: 1264 daAuts
     D:1: 1260 daAuts
     D:5: 1089 daAuts
     D:4: 984 daAuts
     D:2: 961 daAuts
  Temple: 201 daAuts
    D:10: 106 daAuts
